 Dungeon Crawl Stone Soup version 0.18.1-48-g4cf74bf (webtiles) character file.

49 nikopol the Skirmisher (level 3, 0/34 HPs)
             Began as a Hill Orc Fighter on Aug 8, 2016.
             Slain by a gnoll
             ... wielding a +0 halberd
              (3 damage)
             ... on level 2 of the Dungeon.
             The game lasted 00:02:02 (592 turns).

nikopol the Skirmisher (Hill Orc Fighter)            Turns: 592, Time: 00:02:03

Health: 0/34       AC: 10    Str: 19    XL:     3   Next: 77%
Magic:  3/3        EV:  5    Int:  8    God:
Gold:   59         SH:  9    Dex: 10    Spells: 0 memorised, 2 levels left

rFire  x . .     SeeInvis .     a - +0 war axe
rCold  + . .     Gourm    .     k - +0 chain mail
rNeg   . . .     Faith    .     c - +0 shield
rPois  .         Spirit   .     (no helmet)
rElec  .         Dismiss  .     l - +0 cloak
rCorr  .         Reflect  .     (no gloves)
SustAt .         Harm     .     (no boots)
MR     .....                    m - amulet of rage
Stlth  ..........               (no ring)
                                n - ring of ice

@: not resistant to hostile enchantments, extremely unstealthy
A: no striking features
a: Evoke Berserk Rage


You were on level 2 of the Dungeon.
You were not hungry.

You visited 1 branch of the dungeon, and saw 2 of its levels.

You collected 59 gold pieces.

Inventory:

Hand Weapons
 a - a +0 war axe (weapon)
Missiles
 s - 8 javelins (quivered)
Armour
 b - a +0 scale mail
 c - a +0 shield (worn)
 k - a +0 chain mail (worn)
 l - a +0 cloak (worn)
Jewellery
 m - an amulet of rage (around neck)
 n - a ring of ice (left hand)
Scrolls
 e - 3 scrolls of teleportation {unknown}
 g - a scroll of enchant armour {unknown}
 h - 5 scrolls of identify {unknown}
 i - 2 scrolls of remove curse {unknown}
 j - 2 scrolls of amnesia {unknown}
 p - a scroll of recharging {unknown}
 r - a scroll of random uselessness {unknown}
Potions
 d - a potion of might
 o - a potion of curing {unknown}
 q - a potion of resistance {unknown}
Comestibles
 f - a bread ration


   Skills:
 * Level 4.5 Fighting
 * Level 3.3 Axes
 + Level 0.0 Throwing
 + Level 3.7 Armour
 + Level 3.5 Shields


You had 2 spell levels left.
You didn't know any spells.

Dungeon Overview and Level Annotations

Branches:
Dungeon (2/15)

Altars:


Message History

The gnoll completely misses you.
You closely miss the gnoll.
The gnoll is lightly wounded.
The gnoll hits you with a halberd.
You barely miss the gnoll.
The gnoll is lightly wounded.
The gnoll hits you but does no damage.
You barely miss the gnoll.
The gnoll is lightly wounded.
The gnoll hits you with a halberd!
* * * LOW HITPOINT WARNING * * *
You are too injured to fight recklessly!
You slash the gnoll!
The gnoll is severely wounded.
The gnoll hits you with a halberd.
* * * LOW HITPOINT WARNING * * *
You closely miss the gnoll.
The gnoll is severely wounded.
The gnoll hits you with a halberd.
You die...

#...........(#
.#.####.####.#
##...##
#.....#
##...## ##.##
#.# #.# #@#
#.>g# #.....#
#.......#
#.........#
+.........+
#.........#
##.......##


You could see a gnoll.

Vanquished Creatures
  2 gnolls (D:2)
  3 dart slugs (D:1)
  2 giant cockroaches
  3 goblins (D:1)
  4 hobgoblins
  A quokka (D:2)
  2 bats (D:1)
  2 giant newts (D:1)
  4 kobolds
  2 rats (D:1)
25 creatures vanquished.

Notes
Turn   | Place    | Note
--------------------------------------------------------------
     0 | D:1      | nikopol the Hill Orc Fighter began the quest for the Orb.
     0 | D:1      | Reached XP level 1. HP: 19/19 MP: 1/1
     0 | D:1      | Noticed an ice dragon
     0 | D:1      | Noticed an iron dragon
     6 | D:1      | Noticed a tentacled monstrosity
     8 | D:1      | Noticed an ice dragon
     9 | D:1      | Noticed a tentacled monstrosity
    11 | D:1      | Noticed an ice dragon
    12 | D:1      | Noticed an iron dragon
    14 | D:1      | Noticed an ice dragon
    16 | D:1      | Noticed a shadow dragon
    16 | D:1      | Noticed a tentacled monstrosity
    18 | D:1      | Noticed an orb of fire
    18 | D:1      | Noticed an ice dragon
    20 | D:1      | Noticed a tentacled monstrosity
    20 | D:1      | Noticed a tentacled monstrosity
    22 | D:1      | Noticed a tentacled monstrosity
    91 | D:1      | Reached XP level 2. HP: 27/27 MP: 2/2
    94 | D:1      | Reached skill level 4 in Fighting
   449 | D:1      | Reached XP level 3. HP: 32/33 MP: 3/3
   592 | D:2      | Slain by a gnoll

Skill      XL: |  1  2 |
---------------+-------+-----
Fighting       | 4 |  4.5
Axes           | 3 |  3.3
Armour         | |  3.7
Shields        | |  3.5

Action                   || total
-------------------------++-------
Melee: War axe           ||    81
Armor: Scale mail        ||     9
       Chain mail        ||    48
Dodge: Dodged            ||    19
Block: Shield            ||    48
